 Dungeon Crawl Stone Soup version 0.30-a0-800-g7c544603b3 (webtiles) character file.

Game seed: 2986312150763210604

6 Pimp the Trooper (level 1, 0/18 HPs)
             Began as a Demonspawn Fighter on Feb 21, 2023.
             Slain by a gnoll
             ... wielding a +0 club
              (4 damage)
             ... on level 1 of the Dungeon.
             The game lasted 00:00:33 (517 turns).

Pimp the Trooper (Demonspawn Fighter)                Turns: 517, Time: 00:00:34

Health: 0/18       AC:  6    Str: 16    XL:     1   Next: 75%
Magic:  1/1        EV:  8    Int:  9    God:
Gold:   51         SH:  4    Dex: 12    Spells: 0/0 levels left

rFire   . . .      SeeInvis .    a - +0 war axe
rCold   . . .      Faith    .    c - +0 buckler
rNeg    . . .      Spirit   .    b - +0 scale mail
rPois   .          Reflect  .    (no helmet)
rElec   .          Harm     .    (no cloak)
rCorr   .          Rampage  .    (no gloves)
Will    .....                    (no boots) Stlth
                                 (no amulet)
HPRegen 0.23/turn                (no ring)
MPRegen 0.07/turn                (no ring)

@: no status effects
A: no striking features
a: no special abilities


You were on level 1 of the Dungeon.
You visited 1 branch of the dungeon, and saw 1 of its levels.

You collected 51 gold pieces.

Inventory:

Hand Weapons
 a - a +0 war axe (weapon)
Armour
 b - a +0 scale mail (worn)
 c - a +0 buckler (worn)
Scrolls
 e - a scroll of fog {unknown}
 g - a scroll of teleportation {unknown}
Potions
 d - a potion of might
 f - a potion of heal wounds {unknown}


   Skills:
 + Level 3.1 Fighting
 + Level 1.9 Axes
 + Level 2.8 Armour
 + Level 2.8 Shields


You couldn't memorise any spells.
You didn't know any spells.
Your spell library contained the following spells:

 Spells                   Type           Power      Damage    Failure   Level
 Shock                    Conj/Air       0%         1d3       88%         1
 Swiftness                Air            0%         N/A       99%         3
 Airstrike                Air            0%         2d(0-16)  100%        4


Dungeon Overview and Level Annotations

Branches:
Dungeon (1/15)

Altars:


Message History

You closely miss the goblin. The goblin hits you but does no damage.
You slash the goblin!
You kill the goblin!
Things that are here:
a +0 club; a goblin corpse You start resting.
HP restored.
Found 7 stones.
A gnoll comes into view. It is wielding a +0 club.
The gnoll moves out of view.
An endoplasm comes into view.
The endoplasm quivers.
A kobold comes into view. It is wielding a +0 whip.
Found a ring mail.
The kobold shouts!
You block the gnoll's attack.
The endoplasm hits you but does no damage.
The gnoll hits you but does no damage.
You closely miss the gnoll. You hit the endoplasm but do no damage.
A bat comes into view.
The endoplasm freezes you.
You are frozen.
The gnoll hits you with a +0 club. The gnoll completely misses you.
The endoplasm freezes you.
You are frozen.
The kobold hits you with a +0 whip.
You hit the kobold.
The kobold is severely wounded.
You hit the gnoll. You hit the endoplasm. You block the kobold's attack.
The endoplasm closely misses you. You block the gnoll's attack.
The bat barely misses you.
You slash the endoplasm!
You kill the endoplasm!
You slash the gnoll! You hit the bat.
You kill the bat!
You hit the kobold.
You kill the kobold!
The gnoll hits you with a +0 club.
* * * LOW HITPOINT WARNING * * *
The gnoll hits you with a +0 club.
You die...

..... ... ....#####...
#...........
#...........
#...........
#...........
#..†).......
######...@...[...
......##........g......#
......##.......##...##.#
......##.......# ...#
......##......(# ...#
......##.......# ####
......##.......#####
......#####..........
#+##......+..........


You could see a gnoll.

Vanquished Creatures
  An endoplasm (D:1)
  A goblin (D:1)
  2 hobgoblins (D:1)
  2 bats (D:1)
  3 kobolds (D:1)
9 creatures vanquished.

Notes
Turn   | Place    | Note
-------+----------+-------------------------------------------
     0 | D:1      | Pimp the Demonspawn Fighter began the quest for the Orb.
     0 | D:1      | Reached XP level 1. HP: 18/18 MP: 1/1
    22 | D:1      | Found a faded altar of an unknown god.
   517 | D:1      | Slain by a gnoll

Illustrated notes

Levels and vault maps discovered:
D:1:      dpeg_arrival_tiny_f, layout_basic,
          hellmonk_ecumenical_altar_pennies_from_heaven, supply_closet_lemuel

Action                     || total
---------------------------++-------
  Melee: War axe           ||    43
 Armour: Scale mail        ||    34
  Dodge: Dodged            ||    22
  Block: Buckler           ||    21

Table legend: (Time is in decaauts)
 A = Elapsed time spent in this place.
 B = Non-inter-level travel time spent in this place.
 C = Inter-level travel time spent in this place.
 D = Time resting spent in this place.
 E = Time spent auto-exploring this place.
 F = Levels seen in this place.
 G = Mean time per level.
                   A        B        C        D        E       F      G
               +--------+--------+--------+--------+--------+-----+--------+
         Total |    537 |    537 |      0 |    120 |    298 |   1 |  537.0 |
       Dungeon |    537 |    537 |      0 |    120 |    298 |   1 |  537.0 |
               +--------+--------+--------+--------+--------+-----+--------+

Top non-repeatable levels by time:
     D:1: 537 daAuts
